Map: Deathaura LE

Players

LiquidMaNa (MaNa)

  • Race: Protoss Protoss
  • League: Grandmaster
  • Spawn Location: 11:00

uwuThermal (uThermal) - Winner!

  • Race: Terran Terran
  • League: Grandmaster
  • Spawn Location: 5:00

VOD

Have the link to the VOD?

Description

Time

  • Played on: Aug. 22, 2020, 7:23 a.m.
  • Length: 9:10
Show
View Real Time Build Order
Export as new Build Order

LiquidMaNa Protoss 

Build Orders: 1 Gate Expand, Oracle Opening, Phoenix Opening 

Get SALT Encoding   

  12  0:00  Probe  
  13  0:12  Probe  
  14  0:18  Pylon  
  14  0:24  Probe (Chrono Boost)  
  15  0:37  Probe (Chrono Boost), Gateway  
  16  0:45  Probe (Chrono Boost), Assimilator  
  17  0:51  Probe  
  18  1:03  Probe  
  19  1:15  Probe  
  20  1:24  Cybernetics Core  
  20  1:31  Nexus  
  20  1:34  Probe  
  21  1:41  Pylon  
  21  1:46  Probe  
  22  1:49  Assimilator  
  22  1:59  Probe, Adept (Chrono Boost)  
  23  2:02  Warp Gate  
  25  2:11  Probe  
  26  2:21  Adept  
  28  2:23  Probe  
  29  2:35  Probe  
  30  2:40  Stargate  
  30  2:43  Probe  
  31  2:47  Probe  
  31  2:50  Shield Battery  
  32  2:51  Adept  
  32  2:55  Probe  
  35  2:59  Probe  
  36  3:07  Probe  
  36  3:08  Gateway  
  37  3:12  Gateway  
  37  3:15  Probe  
  39  3:20  Probe  
  39  3:21  Oracle (Chrono Boost)  
  42  3:27  Probe  
  42  3:32  Probe  
  44  3:34  Pylon  
  44  3:39  Probe  
  44  3:44  Probe  
  45  3:51  Probe, Phoenix (Chrono Boost)  
  45  3:54  Adept  
  50  4:02  Pylon, Adept  
  52  4:05  Probe  
  52  4:06  Probe  
  52  4:08  Pylon  
  54  4:20  Probe x2, Phoenix  
  58  4:32  Probe  
  58  4:37  Nexus  
  58  4:38  Twilight Council  
  59  4:42  Sentry  
  59  4:44  Adept x2  
  65  4:48  Assimilator  
  65  4:50  Probe x2  
  67  4:53  Pylon  
  67  5:04  Gateway  
  67  5:05  Shield Battery, Pylon  
  67  5:10  Probe x2  
  69  5:16  Charge (Chrono Boost)  
  69  5:20  Phoenix  
  71  5:22  Zealot x2  
  71  5:24  Zealot  
  77  5:30  Probe x2  
  79  5:44  Adept x3  
  79  5:48  Pylon  
  85  5:50  Pylon  
  85  5:51  Probe x3  
  88  6:00  Adept  
  86  6:05  Zealot x3  
  86  6:07  Probe x2  
  86  6:11  Phoenix  
  95  6:16  Pylon  
  95  6:18  Pylon  
  95  6:25  Zealot  
  85  6:26  Probe  
  85  6:31  Zealot x3  
  87  6:40  Forge  
  87  6:41  Forge  
  87  6:52  Zealot x4  
  95  7:01  Nexus  
  95  7:02  Phoenix  
  95  7:04  Probe (Chrono Boost)  
  95  7:06  Probe (Chrono Boost)  
  99  7:13  Sentry  
  99  7:14  Sentry, Templar Archives  
  103  7:20  Probe (Chrono Boost)  
  103  7:22  Assimilator  
  104  7:23  Probe  
  99  7:40  Probe  
  99  7:42  Phoenix  
  99  7:43  Probe  
  99  7:50  Zealot x4  
  95  7:52  Probe  
  95  7:57  Gateway  
  96  7:59  Gateway  
  96  8:01  Gateway  
  96  8:03  Pylon  
  96  8:08  Gateway  
  96  8:21  High Templar x2  
  96  8:22  Zealot x2  
  96  8:23  Probe x3  
  107  8:29  Archon  
  66  8:49  Probe  
  66  8:53  Probe x2  
  66  8:55  Zealot x3  
  65  9:00  Zealot  
Show
View Real Time Build Order
Export as new Build Order

uwuThermal Terran - Winner!

Build Orders:  

Get SALT Encoding   

  12  0:01  SCV  
  13  0:13  SCV  
  14  0:16  Supply Depot  
  14  0:25  SCV  
  15  0:38  SCV  
  15  0:40  Barracks  
  16  0:50  SCV  
  16  0:52  Barracks  
  17  1:02  SCV  
  18  1:10  Supply Depot  
  18  1:14  SCV  
  19  1:27  Orbital Command, Marine  
  20  1:39  Marine  
  21  1:44  Marine  
  22  1:53  SCV  
  23  1:59  Command Center  
  23  2:01  Marine  
  23  2:02  Marine  
  23  2:06  SCV  
  26  2:18  SCV  
  26  2:19  Marine  
  26  2:20  Marine  
  26  2:22  Refinery  
  29  2:24  Refinery  
  29  2:25  Supply Depot  
  29  2:30  SCV  
  30  2:41  Marine x2  
  31  2:47  SCV  
  31  2:50  Barracks  
  32  2:59  SCV  
  32  3:02  Barracks Reactor, Barracks Tech Lab  
  33  3:11  Orbital Command, SCV  
  34  3:20  Stimpack, Marine  
  34  3:23  SCV  
  36  3:33  Engineering Bay  
  36  3:35  SCV  
  36  3:37  SCV  
  36  3:39  Marine x2  
  36  3:40  Marauder  
  36  3:41  Barracks Tech Lab  
  42  3:48  Bunker, SCV  
  43  3:50  SCV  
  44  3:57  Marine x2  
  44  4:00  SCV, Supply Depot  
  47  4:03  Marauder  
  47  4:07  Marauder  
  47  4:09  SCV  
  52  4:12  SCV  
  52  4:14  Combat Shield  
  53  4:20  Terran Infantry Weapons Level 1  
  53  4:21  SCV  
  53  4:22  Marine  
  54  4:24  Marine  
  54  4:27  Marauder  
  54  4:31  Marine  
  57  4:34  SCV  
  57  4:35  SCV  
  59  4:40  Marine, Supply Depot  
  59  4:42  Marine  
  61  4:46  SCV, Factory  
  61  4:51  Missile Turret  
  62  4:53  Supply Depot  
  62  5:01  Marine x3, SCV x2  
  62  5:05  Missile Turret  
  67  5:08  Marauder  
  67  5:13  SCV  
  70  5:15  SCV  
  70  5:20  Marine  
  70  5:21  Marauder  
  73  5:24  Refinery  
  73  5:25  SCV, Supply Depot  
  73  5:27  SCV  
  75  5:33  Starport  
  75  5:34  Factory Reactor  
  75  5:38  Marauder, SCV  
  75  5:39  SCV  
  77  5:47  Marauder  
  79  5:50  Marine, SCV  
  79  5:52  Marine  
  79  5:53  SCV  
  82  6:00  Marauder, Supply Depot  
  82  6:02  SCV  
  83  6:07  Marine  
  83  6:10  Supply Depot  
  86  6:11  Marauder  
  86  6:20  Marine  
  86  6:21  Marine  
  86  6:25  Marine  
  75  6:32  Marauder  
  75  6:36  Refinery  
  75  6:37  Medivac x2  
  79  6:44  Marine, Marauder  
  79  6:45  SCV  
  83  6:52  SCV, Terran Infantry Armor Level 1  
  82  6:59  Marine  
  82  7:00  Marine  
  84  7:05  Command Center  
  84  7:07  Medivac x2  
  88  7:09  Concussive Shells  
  88  7:10  Marine  
  88  7:14  Marauder  
  91  7:17  Marine  
  91  7:19  Marine  
  91  7:20  Supply Depot  
  93  7:23  SCV  
  93  7:28  Marine  
  91  7:31  Factory Reactor  
  91  7:34  Marine, SCV  
  91  7:35  Marauder  
  93  7:37  Medivac  
  89  7:45  Medivac  
  89  7:51  Marine, Marauder  
  94  7:53  Command Center  
  94  7:54  Marine  
  94  7:57  Armory  
  95  8:00  SCV  
  95  8:01  Marauder  
  98  8:07  Supply Depot  
  98  8:08  Widow Mine  
  98  8:09  Marine, Widow Mine  
  98  8:12  Marine x2  
  104  8:19  Engineering Bay  
  104  8:22  Medivac, Marine  
  104  8:26  Marine  
  108  8:29  Widow Mine  
  108  8:30  Marine, Widow Mine  
  113  8:39  Medivac  
  113  8:40  Marine, Marauder  
  116  8:45  Marine  
Tags
 
Add a new tag
Caveats
  • Supply blocks, unpowered buildings, or Contaminate may cause inaccurate times.
  • Supply counts are checked every 10 seconds.